 Dungeon Crawl Stone Soup version 0.30-a0-629-gd54f4be4f7 (webtiles) character file.

Game seed: 13175235420914270875

3469 kae the Changer (level 9, -1/68 (70) HPs)
             Began as a Demonspawn Transmuter on Jan 12, 2023.
             Was a Follower of Ru.
             Succumbed to a killer bee's poison
             ... on level 8 of the Dungeon.
             The game lasted 00:09:54 (9085 turns).

kae the Changer (Demonspawn Transmuter)             Turns: 9085, Time: 00:09:54

HP:   -1/68 (70)    AC:  8    Str: 11    XL:     9   Next: 79%
MP:   3/17          EV: 10    Int: 19    God:    Ru [*.....]
Gold: 75            SH:  0    Dex: 13    Spells: 4/19 levels left

rFire   x . .      SeeInvis .      - Unarmed
rCold   + + +      Faith    .    (shield currently unavailable)
rNeg    . . .      Spirit   +    (body armour currently unavailable)
rPois   +          Reflect  .    (helmet currently unavailable)
rElec   .          Harm     .    (cloak currently unavailable)
rCorr   .          Rampage  .    (gloves currently unavailable)
Will    .....                    (boots currently unavailable)
Stlth   +                        (no amulet)
HPRegen 0.31/turn                (no ring)
MPRegen 0.30/turn                (no ring)

@: lethally poisoned (-1 -> -12), ice-form, wereblooded, lightly drained, unable
to drink
A: freezing attack, amphibious, boosted hp, large, (antennae 2), (thin metallic
scales 1), magic shield, magic regeneration, magic link, inability to drink
after injury 2
a: End Transformation, Renounce Religion


You were on level 8 of the Dungeon.
You worshipped Ru.
Ru was aware of your devotion.
You were a creature of crystalline ice.
You visited 2 branches of the dungeon, and saw 9 of its levels.
You also visited: Sewer.

You collected 411 gold pieces.
You spent 336 gold pieces at shops.


Innate Abilities, Weirdness & Mutations

You are a creature of crystalline ice.
You have a powerful freezing melee attack.
You are amphibious.
Your maximum health is increased.
Your armour is entirely melded.
You are incapable of wielding weapons or throwing items.
((You have a pair of antennae on your head.))
((You are partially covered in thin metallic scales. (AC +2)))
When hurt, damage is shared between your health and your magic reserves.
You regenerate magic rapidly.
When low on magic, you restore magic in place of health.
You sometimes lose the ability to drink potions when taking damage.


   Skills:
 - Level 1.0 Fighting
 - Level 1.7 Dodging
 + Level 5.9 Unarmed Combat
 + Level 5.7 Spellcasting
 * Level 7.8 Transmutations
 * Level 6.7 Ice Magic
 - Level 1.7 Poison Magic


You had 4 spell levels left.
You knew the following spells:

 Your Spells              Type           Power      Damage    Failure   Level
a - Beastly Appendage     Tmut           70%        N/A       1%          1
b - Wereblood             Tmut           35%        N/A       1%          2
c - Spider Form           Tmut/Pois      23%        N/A       4%          3
d - Ice Form              Ice/Tmut       33%        N/A       6%          4
e - Blade Hands           Tmut           17%        N/A       13%         5

Your spell library contained the following spells:

 Spells                   Type           Power      Damage    Failure   Level
 Passwall                 Tmut/Erth      16%        N/A       3%          2
 Ensorcelled Hibernation  Hex/Ice        36%        N/A       4%          2
 Hailstorm                Conj/Ice       18%        3d6       9%          3
 Sandblast                Erth           10%        2d5       12%         1
 Slow                     Hex            20%        N/A       12%         1
 Scorch                   Fire           10%        2d6       17%         2
 Sublimation of Blood     Necr           5%         N/A       17%         2
 Petrify                  Tmut/Erth      20%        N/A       22%         4
 Confusing Touch          Hex            5%         N/A       34%         3
 Portal Projectile        Hex/Tloc       10%        N/A       34%         3
 Stone Arrow              Conj/Erth      10%        3d7       34%         3
 Swiftness                Air            5%         N/A       34%         3
 Tukima's Dance           Hex            5%         N/A       34%         3
 Vampiric Draining        Necr           5%         2d6       34%         3
 Flame Wave               Conj/Fire      5%         2d5       75%         4
 Irradiate                Conj/Tmut      10%        3d15      54%         5
 Simulacrum               Ice/Necr       9%         N/A       99%         6
 Summon Cactus Giant      Summ           2%         N/A       100%        6

Inventory:

Missiles
 j - 48 stones
 u - a throwing net {=f!f}
 y - 2 atropa-tipped darts
Armour
 a - a +0 robe (melded)
 d - a +2 helmet
   (You found it on level 1 of the Dungeon)
 r - a +1 cloak (melded)
   (You took it off Crazy Yiuf on level 3 of the Dungeon)
 w - a +2 pair of gloves (melded)
   (You found it on level 6 of the Dungeon)
Magical Staves
 A - a staff of fire {!a}
   (You found it on level 6 of the Dungeon)
Wands
 q - a wand of quicksilver (1)
   (You took it off an orc on level 7 of the Dungeon)
 t - a wand of flame (21)
   (You found it on level 5 of the Dungeon)
 v - a wand of charming (2)
   (You found it on level 5 of the Dungeon)
Scrolls
 b - a scroll of brand weapon
 e - 3 scrolls of teleportation {@r4}
 k - 4 scrolls of amnesia
 l - a scroll of enchant armour
 o - 2 scrolls of fog
Potions
 c - 3 potions of attraction {!q}
 f - 6 potions of curing {@q1}
 g - 3 potions of cancellation
 h - 2 potions of invisibility {unknown}
 i - a potion of brilliance
 m - a potion of degeneration {!q}
 n - 4 potions of heal wounds {@q2}
 p - 5 potions of lignification {!q}
 s - 2 potions of mutation {!q}

Dungeon Overview and Level Annotations

Branches:
Dungeon (8/15) Zot: 26516  Temple (1/1) D:6 Zot: 5729   Sewer (visited)
   Lair: D:8-11

Altars:
Ashenzari
Cheibriados
Dithmenos
Fedhas
Gozag
Hepliaklqana
Makhleb
Nemelex Xobeh
Okawaru
Qazlal
Ru
Trog
Uskayaw
Vehumet
Wu Jian
Yredelemnul

Shops:
D:5 :

Annotations:
D:2 exclusion: gnoll, Natasha y.y

. ... #. ###
.... ##.
#.########
..... #..
#.........
.....# #.#
#.########
......### #.#
#.#....[..
#.....#######.#
#.#.####.#
#..ooy.Y...#
#.#.# #.#
###.##y##.##
#.#.# #..
......oo##.#
#.#.# ###
..########.#
#.#.# #.. #.#
#.#.# #.
#.#####.#.# .
#.......#.#
#########.# #.#


You could see 2 killer bees and 4 orcs.


Message History

You punch the killer bee! You freeze the killer bee.
You kill the killer bee!
An orc comes into view. It is wielding a +0 short sword.
The killer bee barely misses you.
The killer bee is stunned by your conviction and fails to attack.
You now have 68 max hp (+1).
Casting: Ice Form (dangerous; 6% risk of failure)
Confirm with . or Enter, or press ? or * to list all spells.
Your blood is infused with primal strength.
The orc shouts!
The killer bee barely misses you. The killer bee stings you.
An orc comes into view. It is wielding a +0 hand axe.
The killer bee closely misses you.
The killer bee stings you but does no damage.
The killer bee stings you but does no damage.
The killer bee stings you. The killer bee barely misses you.
The killer bee closely misses you. 😕 HP[-5] MP[-2]
You take 5 damage, and now have 52/68 hp.
You lost 2 mp, and now have 13/17 mp.
You punch the killer bee! You freeze the killer bee. The killer bee stings you.
You are poisoned.
The killer bee poisons you!
The killer bee stings you but does no damage.
An orc comes into view. It is wielding a +0 hand axe. 😮 HP[-1]
You take 1 damage, and now have 51/68 hp.
You miss the killer bee.
You feel sick. The killer bee stings you. The killer bee closely misses you.
The killer bee barely misses you.
The killer bee stings you. 😮 HP[-7] MP[-2]
You take 7 damage, and now have 44/68 hp.
You lost 2 mp, and now have 11/17 mp.
You barely miss the killer bee.
You feel sick. The killer bee stings you. x2
The killer bee stings you but does no damage.
The killer bee stings you. 😮 HP[-6]
You take 6 damage, and now have 38/68 hp.
Unknown command.
You closely miss the killer bee.
You feel sick. The killer bee stings you!
You feel threatened and lose the ability to drink potions!
* * * LOW HITPOINT WARNING * * *
The killer bee stings you!
* * * LOW HITPOINT WARNING * * *
You are more poisoned.
The killer bee poisons you!
The killer bee stings you but does no damage.
The killer bee is stunned by your conviction and fails to attack. 😨 HP[-12] MP[-3]
You take 12 damage, and now have 26/68 hp.
You lost 3 mp, and now have 8/17 mp.
You hit the killer bee. You freeze the killer bee.
You feel very sick. The killer bee stings you.
* * * LOW HITPOINT WARNING * * *
The killer bee is stunned by your conviction and fails to attack. 😨 HP[-6] MP[-1]
You take 6 damage, and now have 20/68 hp.
You lost 1 mp, and now have 7/17 mp.
Unknown command.
You closely miss the killer bee.
You feel sick. The killer bee barely misses you.
The killer bee stings you but does no damage.
The killer bee barely misses you. x2 😨 HP[-2]
You take 2 damage, and now have 18/68 hp.
You barely miss the killer bee.
You feel sick. The killer bee stings you.
* * * LOW HITPOINT WARNING * * *
The killer bee misses you.
The killer bee stings you but does no damage. x2 😱 HP[-5]
You take 5 damage, and now have 13/68 hp.
Unknown command.
You miss the killer bee.
You feel sick. The killer bee closely misses you. The killer bee stings you.
* * * LOW HITPOINT WARNING * * *
You are lethally poisoned!
The killer bee poisons you! The killer bee closely misses you.
The killer bee stings you.
* * * LOW HITPOINT WARNING * * *
😱 HP[-7] MP[-4]
You take 7 damage, and now have 6/68 hp.
You lost 4 mp, and now have 3/17 mp.
You cannot drink potions in your current state!
Unknown command.
You cannot drink potions in your current state!
Unknown command.
Okay, then.
* * * LOW HITPOINT WARNING * * *
You feel very sick.
The killer bee stings you but does no damage.
The killer bee stings you.
* * * LOW HITPOINT WARNING * * *
The killer bee stings you but does no damage. 😱 HP[-4] MP[-1]
You take 4 damage, and now have 2/68 hp.
You lost 1 mp, and now have 2/17 mp.
Unknown command.
Unknown command.
You die...

Skill      XL: |  1  2  3  4  5  6  7  8  9 |
---------------+----------------------------+-----
Transmutations | 2 3 4 5 6 7 |  7.8
Unarmed Combat | 3 4 5 |  5.9
Poison Magic   | 1 |  1.7
Spellcasting   | 3 4 5 |  5.7
Ice Magic      | 2 3 5 6 |  6.7
Fighting       | |  1.0
Dodging        | |  1.7

Action                   |  1- 3 |  4- 6 |  7- 9 || total
-------------------------+-------+-------+-------++-------
Melee: Unarmed           |   135 |   281 |   276 ||   692
       Kick              |     9 |    19 |       ||    28
       Headbutt          |     6 |       |       ||     6
       Punch             |     3 |     3 |     3 ||     9
 Cast: Beastly Appendage |    14 |    14 |       ||    28
       Spider Form       |     1 |    20 |    11 ||    32
       Ice Form          |       |     1 |    26 ||    27
       Wereblood         |       |       |     8 ||     8
       Blade Hands       |       |       |     2 ||     2
Invok: Sacrifice Drink   |       |       |     1 ||     1
 Abil: End Transformatio |       |       |     1 ||     1
Evoke: Wand              |       |       |     8 ||     8
  Use: Scroll            |     5 |     6 |     7 ||    18
       Potion            |       |     3 |     1 ||     4
 Stab: Sleeping          |     2 |       |       ||     2
Armor: Robe              |    33 |    41 |    14 ||    88
       Skin              |       |    88 |    57 ||   145
Dodge: Dodged            |    70 |   205 |   143 ||   418

Levels and vault maps discovered:
D:1:      ebering_hopf_link, layout_loops_ring, serial_forest,
          infiniplex_forest_side_room, infiniplex_forest_clump_double,
          infiniplex_forest_corner_1, infiniplex_forest_clump_cross,
          infiniplex_forest_end_2, basic_ecumenical_altar,
          hangedman_abyss_or_decor_lesser_grid
D:2:      layout_basic, kennysheep_jessica_study, uniq_natasha
D:3:      layout_loops_cross, lemuel_round_altar, gup_sewer_entry_bowl,
          grunt_ministairs_2, minmay_checkerbox, uniq_crazy_yiuf_cottage
D:4:      layout_loops_corners, uniq_blork_the_orc
D:5:      layout_basic, grunt_dithmenos_smoke, serial_shops,
          nicolae_shop_hallway_plus
D:6:      layout_cave_pools, gammafunk_temple_overflow_wave,
          makhleb_grotto_becter, minmay_temple_entry_sparse_star, serial_rivers,
          chequers_serial_rivers_micro_d, chequers_serial_rivers_micro_a,
          chequers_serial_rivers_large_b, chequers_serial_rivers_small_3,
          chequers_serial_rivers_small_b, chequers_serial_rivers_small_b,
          uniq_maggie, uniq_menkaure
D:7:      layout_basic
D:8:      layout_basic, mainiacjoe_overflow_surrounded_room, uniq_erica
Temple:   dpeg_chambers_temple

Notes
Turn   | Place    | Note
-------+----------+-------------------------------------------
     0 | D:1      | kae the Demonspawn Transmuter began the quest for the Orb.
     0 | D:1      | Reached XP level 1. HP: 15/15 MP: 3/3
     0 | D:1      | magus.rc [v1.11.3]
   178 | D:1      | Reached skill level 2 in Transmutations
   249 | D:1      | Gained mutation: You are partially covered in thin metallic
                  | scales. (AC +2) [demonic ancestry]
   249 | D:1      | Reached XP level 2. HP: 21/21 MP: 3/5
   253 | D:1      | Learned a level 2 spell: Wereblood
   261 | D:1      | Found a faded altar of an unknown god.
   544 | D:1      | Reached skill level 3 in Unarmed Combat
   647 | D:1      | Gained mutation: You regenerate magic rapidly. [demonic
                  | ancestry]
   647 | D:1      | Reached XP level 3. HP: 26/26 MP: 6/6
   651 | D:1      | Learned a level 3 spell: Spider Form
   813 | D:1      | You pick up a book of Scorching and begin reading...
   813 | D:1      | You add the spells Scorch, Flame Wave and Summon Cactus
                  | Giant to your library.
   853 | D:1      | You pick up a book of the Tundra and begin reading...
   853 | D:1      | You add the spells Hailstorm and Simulacrum to your
                  | library.
  1522 | D:2      | Noticed Natasha
  1531 | D:2      | Reached skill level 1 in Poison Magic
  1531 | D:2      | Gained mutation: You have a pair of small antennae on your
                  | head. [demonic ancestry]
  1531 | D:2      | Reached XP level 4. HP: 32/32 MP: 3/7
  1612 | D:2      | HP: 7/32 [adder (4)]
  1615 | D:2      | HP: 3/32 [poisoned by an adder]
  1617 | D:2      | Reached skill level 3 in Transmutations
  1923 | D:2      | Noticed Jessica
  1956 | D:2      | Killed Jessica
  2485 | D:3      | Found an opulent altar of Gozag.
  2664 | D:3      | Reached XP level 5. HP: 31/37 MP: 6/9
  2677 | D:3      | Found a glowing drain.
  2681 | Sewer    | Entered a sewer
  2739 | Sewer    | Reached skill level 3 in Spellcasting
  2739 | Sewer    | HP: 8/37 [poisoned by an adder]
  2744 | Sewer    | HP: 3/37 [poisoned by an adder]
  2747 | Sewer    | HP: 1/37 [poisoned by an adder]
  2949 | Sewer    | Learned a level 4 spell: Ice Form
  3221 | Sewer    | Reached skill level 4 in Transmutations
  3293 | Sewer    | Gained mutation: When hurt, damage is shared between your
                  | health and your magic reserves. [demonic ancestry]
  3293 | Sewer    | Reached XP level 6. HP: 43/43 MP: 10/10
  3512 | Sewer    | Reached skill level 1 in Ice Magic
  4058 | D:3      | Found a runed translucent door.
  4059 | D:3      | Noticed Crazy Yiuf
  4083 | D:3      | Killed Crazy Yiuf
  4360 | D:4      | Identified the +2 robe of Beithuodo {-Cast rElec rN+++
                  | Will-}
  4404 | D:4      | Noticed Blork the orc
  4416 | D:4      | Killed Blork the orc
  4417 | D:4      | Reached skill level 2 in Ice Magic
  4417 | D:4      | Gained mutation: You have a pair of antennae on your head.
                  | [demonic ancestry]
  4417 | D:4      | Reached XP level 7. HP: 41/48 MP: 5/12
  4869 | D:4      | Reached skill level 4 in Unarmed Combat
  5250 | D:5      | Entered Level 5 of the Dungeon
  5327 | D:5      | Reached skill level 5 in Transmutations
  5327 | D:5      | Reached skill level 3 in Ice Magic
  5349 | D:5      | Found a shadowy altar of Dithmenos.
  5402 | D:5      | Reached skill level 4 in Spellcasting
  5583 | D:5      | Reached XP level 8. HP: 54/54 MP: 12/14
  5674 | D:5      | Found Cynym's Book Shoppe.
  6045 | D:6      | Reached skill level 4 in Ice Magic
  6222 | D:6      | Noticed Menkaure
  6232 | D:6      | Killed Menkaure
  6233 | D:6      | Reached skill level 6 in Transmutations
  6487 | D:6      | Found a hazy altar of Hepliaklqana.
  6487 | D:6      | Found a sparkling altar of Nemelex Xobeh.
  6491 | D:6      | Found a staircase to the Ecumenical Temple.
  6503 | D:6      | You pick up a book of Debilitation and begin reading...
  6503 | D:6      | You add the spells Slow, Vampiric Draining and Confusing
                  | Touch to your library.
  6507 | Temple   | Entered the Ecumenical Temple
  6764 | Temple   | Became a worshipper of Ru the Awakened
  6883 | D:6      | Noticed Maggie
  6912 | D:6      | Reached skill level 5 in Unarmed Combat
  6937 | D:6      | HP: 10/64 [Maggie/bolt of fire (7)]
  6939 | D:6      | Killed Maggie
  6940 | D:6      | Reached skill level 5 in Ice Magic
  6940 | D:6      | Gained mutation: When low on magic, you restore magic in
                  | place of health. [demonic ancestry]
  6940 | D:6      | Reached XP level 9. HP: 20/59 MP: 3/16
  7250 | D:6      | Found a burning altar of Makhleb.
  7396 | D:7      | Reached skill level 5 in Spellcasting
  7410 | D:7      | Reached skill level 7 in Transmutations
  7510 | D:7      | Noticed a manticore
  7526 | D:7      | Killed a manticore
  7527 | D:7      | Reached skill level 6 in Ice Magic
  7699 | D:7      | You pick up a book of Geomancy and begin reading...
  7699 | D:7      | You add the spells Sandblast, Passwall and Stone Arrow to
                  | your library.
  7735 | D:7      | You pick up a book of Burglary and begin reading...
  7735 | D:7      | You add the spells Ensorcelled Hibernation and Swiftness to
                  | your library.
  7888 | D:7      | You pick up a book of Alchemy and begin reading...
  7888 | D:7      | You add the spells Sublimation of Blood, Petrify and
                  | Irradiate to your library.
  8555 | D:5      | Bought a book of Weapons for 336 gold pieces
  8555 | D:5      | You pick up a book of Weapons and begin reading...
  8555 | D:5      | You add the spells Tukima's Dance, Portal Projectile and
                  | Blade Hands to your library.
  8561 | D:5      | Learned a level 5 spell: Blade Hands
  8812 | D:7      | Gained mutation: You occasionally lose the ability to drink
                  | potions when taking damage. [Ru sacrifice]
  8812 | D:7      | Gained mutation: You sometimes lose the ability to drink
                  | potions when taking damage. [Ru sacrifice]
  8812 | D:7      | Reached * piety under Ru
  9082 | D:8      | HP: 16/68 [poisoned by a killer bee]
  9083 | D:8      | HP: 6/68 [killer bee (2)]
  9084 | D:8      | HP: 2/68 [killer bee (1)]
  9085 | D:8      | Succumbed to a killer bee's poison

Vanquished Creatures
  A manticore (D:7)
  Maggie (D:6)
  A hornet (D:7)
  Menkaure (D:6)
  2 water moccasins (D:7)
  An ice beast (D:6)
  A black bear (D:5)
  An ogre (D:5)
  A phantom (D:4)
  Blork the orc (D:4)
  4 bullfrogs
  2 scorpions
  11 wights
  3 killer bees (D:8)
  2 howler monkeys
  A crimson imp (D:6)
  A jelly (D:6)
  4 hounds (D:6)
  Crazy Yiuf (D:3)
  An iguana (D:6)
  Jessica (D:2)
  3 orc wizards
  9 gnolls
  8 adders
  7 river rats
  2 shadow imps
  A white imp (D:5)
  2 ufetubi
  3 worms
  4 dart slugs
  14 orcs
  24 ball pythons
  10 bats
  9 endoplasms
  4 giant cockroaches
  8 hobgoblins
  4 quokkas
  9 frilled lizards
  8 goblins
  7 kobolds
  33 rats
211 creatures vanquished.

Table legend:
 A = Non-vault XP
 B = Vault XP
 C = Vault XP percentage of total XP
 D = Non-vault monster count
 E = Vault monster count
 F = Vault count percentage of total count
                 A         B        C        D         E       F
            +---------+---------+-------+---------+---------+-------
      Total |    3771 |    1186 |  23.9 |     140 |      71 |  33.6
            +---------+---------+-------+---------+---------+-------
        D:1 |      46 |       0 |   0.0 |      26 |       0 |   0.0
        D:2 |      79 |      39 |  33.1 |      23 |       2 |   8.0
        D:3 |      38 |      68 |  64.2 |      14 |      11 |  44.0
        D:4 |     253 |     100 |  28.3 |      23 |       1 |   4.2
        D:5 |     571 |       0 |   0.0 |      13 |       0 |   0.0
        D:6 |     757 |     617 |  44.9 |      15 |       3 |  16.7
        D:7 |    1547 |       0 |   0.0 |      19 |       0 |   0.0
        D:8 |     480 |       0 |   0.0 |       7 |       0 |   0.0
      Sewer |       0 |     362 | 100.0 |       0 |      54 | 100.0
            +---------+---------+-------+---------+---------+-------

Illustrated notes

Table legend:
 A = Kills in this place as a percentage of kills in entire the game.
 B = Kills by you in this place as a percentage of kills by you in the entire game.
 C = Kills by friends in this place as a percentage of kills by friends in the entire game.
 D = Other kills in this place as a percentage of other kills in the entire game.
 E = Experience gained in this place as a percentage of experience gained in the entire game.
 F = Experience gained in this place divided by the number of levels of this place that you have seen.
                   A       B       C       D       E      F
               +-------+-------+-------+-------+-------+----------------------
         Total | 100.0 | 100.0 |   N/A |   N/A | 100.0 | 495.7
       Dungeon |  74.4 |  74.4 |   N/A |   N/A |  92.7 | 574.4
         Sewer |  25.6 |  25.6 |   N/A |   N/A |   7.3 | 362.0
               +-------+-------+-------+-------+-------+----------------------

Table legend: (Time is in decaauts)
 A = Elapsed time spent in this place.
 B = Non-inter-level travel time spent in this place.
 C = Inter-level travel time spent in this place.
 D = Time resting spent in this place.
 E = Time spent auto-exploring this place.
 F = Levels seen in this place.
 G = Mean time per level.
                   A        B        C        D        E       F      G
               +--------+--------+--------+--------+--------+-----+--------+
         Total |   9134 |   8784 |    350 |    582 |   6503 |  10 |  913.4 |
       Dungeon |   7901 |   7597 |    304 |    300 |   5924 |   8 |  987.6 |
        Temple |    270 |    224 |     46 |      0 |    211 |   1 |  270.0 |
         Sewer |    962 |    962 |      0 |    282 |    367 |   1 |  962.0 |
               +--------+--------+--------+--------+--------+-----+--------+

Top non-repeatable levels by time:
     D:7: 1306 daAuts
     D:2: 1267 daAuts
     D:6: 1135 daAuts
     D:4: 1066 daAuts
     D:1: 1065 daAuts
   Sewer: 962 daAuts
     D:3: 921 daAuts
     D:5: 797 daAuts
     D:8: 340 daAuts
  Temple: 270 daAuts
